 Dungeon Crawl Stone Soup version 0.18.1-48-g4cf74bf (webtiles) character file.

65982 Nahar the Marksdemonspawn (level 14, -2/98 HPs)
             Began as a Demonspawn Wanderer on Aug 27, 2016.
             Was the Champion of Yredelemnul.
             Slain by Rupert
             ... wielding a +2 triple sword of distortion
              (10 damage)
             ... on level 12 of the Dungeon on Aug 30, 2016.
             The game lasted 02:10:38 (19276 turns).

Nahar the Marksdemonspawn (Demonspawn Wanderer)    Turns: 19276, Time: 02:10:39

Health: -2/98      AC: 24    Str: 18    XL:     14   Next: 77%
Magic:  25/25      EV:  9    Int: 15    God:    Yredelemnul [******]
Gold:   1504       SH:  0    Dex: 14    Spells: 5 memorised, 9 levels left

rFire  . . .     SeeInvis .     S - +10 longbow "Transmigrator" {flame, rC+ Int+3}
rCold  + + .     Gourm    .     l - +4 plate armour {rC+}
rNeg   . . .     Faith    .     (shield currently unavailable)
rPois  .         Spirit   .     (helmet restricted)
rElec  .         Dismiss  .     Q - +2 cloak
rCorr  +         Reflect  .     Z - +0 pair of gloves
SustAt .         Harm     .     y - +0 pair of boots
MR     +....                    U - amulet of regeneration
Stlth  ..........               p - ring of resist corrosion
                                C - +2 ring of slaying

@: lethally poisoned (-2 -> -3), about to teleport, slowed, very slow, somewhat
resistant to hostile enchantments, extremely unstealthy
A: horns 2, powered by death 3, spiny 1, sturdy frame 2
a: Recall Undead Slaves, Injury Mirror, Animate Dead, Drain Life, Enslave Soul,
Renounce Religion


You were on level 12 of the Dungeon.
You worshipped Yredelemnul.
Yredelemnul was exalted by your worship.
You were not hungry.

You visited 4 branches of the dungeon, and saw 23 of its levels.
You also visited: Ice Cave.

You collected 2194 gold pieces.
You spent 690 gold pieces at shops.

Inventory:

Hand Weapons
 a - a +1 executioner's axe of chopping
 S - the +10 longbow "Transmigrator" (weapon) {flame, rC+ Int+3}
   (You acquired it on level 2 of the Lair of Beasts)

   It causes projectiles fired from it to burn those they strike, causing extra
   injury to most foes and up to half again as much damage against particularly
   susceptible opponents.
   It affects your intelligence (+3).
   It protects you from cold.
Missiles
 b - 77 arrows (quivered)
Armour
 l - a +4 plate armour of cold resistance (worn)
 y - a +0 pair of boots (worn)
 Q - a +2 cloak (worn)
 Y - a +2 plate armour of cold resistance
 Z - a +0 pair of gloves (worn)
Jewellery
 p - a ring of resist corrosion (right hand)
 C - a +2 ring of slaying (left hand)
 U - an amulet of regeneration (around neck)
Wands
 j - a wand of paralysis (7/24)
 n - a wand of acid (10/15)
 v - a wand of flame (39/48)
 w - a wand of confusion (15/48)
 x - a wand of iceblast (5/15)
 B - a wand of disintegration (15/24)
 D - a wand of lightning (9/15)
 F - a wand of disintegration (8/24)
 G - a wand of iceblast (0/15)
 I - a wand of disintegration (16/24)
 K - a wand of flame (21/48)
 O - a wand of disintegration (13/24)
 P - a wand of confusion (5/48)
 V - a wand of iceblast (1/15)
 X - a wand of lightning (12/15)
Scrolls
 h - 8 scrolls of remove curse
 r - 4 scrolls of teleportation
 t - 2 scrolls of fog
 E - 4 scrolls of identify
 L - 3 scrolls of blinking
 W - a scroll of enchant weapon
Potions
 c - 6 potions of ambrosia
 d - 10 potions of curing
 e - 4 potions of degeneration {unknown}
 g - 4 potions of haste {unknown}
 k - 4 potions of invisibility
 m - 3 potions of brilliance {unknown}
 o - 3 potions of might
 q - 2 potions of magic {unknown}
 s - 4 potions of flight {unknown}
 A - 3 potions of resistance {unknown}
 J - 3 potions of mutation {unknown}
 M - 2 potions of cure mutation {unknown}
 N - a potion of heal wounds {unknown}
 T - a potion of lignification {unknown}
Books
 i - a book of Frost

   Spells                             Type                      Level
   a - Freeze                         Ice                          1
   b - Throw Frost                    Conjuration/Ice              2
   c - Ozocubu's Armour               Charms/Ice                   3
   d - Throw Icicle                   Conjuration/Ice              4
   e - Summon Ice Beast               Ice/Summoning                4
 R - a book of Fire

   Spells                             Type                      Level
   a - Ignite Poison                  Fire/Transmutation/Poison    3
   b - Fireball                       Conjuration/Fire             5
   c - Bolt of Fire                   Conjuration/Fire             6
   d - Delayed Fireball               Conjuration/Fire             7
   e - Ring of Flames                 Charms/Fire                  7
Comestibles
 f - 9 bread rations
 u - 4 meat rations
 z - 2 slices of pizza
 H - 11 fruits


   Skills:
 + Level 5.0 Fighting
 * Level 0.8(3.5) Axes
   Level 5.6 Polearms
 + Level 15.6 Bows
 + Level 8.6 Armour
 + Level 2.1 Dodging
 + Level 2.1 Stealth
 * Level 7.7 Spellcasting
 * Level 8.1 Conjurations
 * Level 7.2 Fire Magic
 * Level 7.0 Ice Magic
 + Level 2.5 Invocations
 + Level 1.0 Evocations


You had 9 spell levels left.
You knew the following spells:

 Your Spells              Type           Power        Failure   Level  Hunger
a - Bolt of Fire          Conj/Fire      ####......   100%        6    #######
b - Freeze                Ice            ####         8%          1    None
c - Summon Ice Beast      Ice/Summ       ###.....     99%         4    ####...
d - Conjure Flame         Conj/Fire      ####....     12%         3    ##.....
e - Fireball              Conj/Fire      ####......   90%         5    #####..


Dungeon Overview and Level Annotations

Branches:
Dungeon (12/15)            Temple (1/1) D:7            Lair (8/8) D:9
 Shoals (0/4) Lair:5        Snake (0/4) Lair:4        Slime (0/6) Lair:8
    Orc (2/2) D:9             Elf (0/3) Orc:2

Altars:
Ashenzari
Cheibriados
Dithmenos
Elyvilon
Fedhas
Gozag
Kikubaaqudgha
Makhleb
Nemelex Xobeh
Okawaru
Pakellas
Qazlal
Ru
Sif Muna
Trog
Vehumet
Xom
Yredelemnul
Zin
The Shining One
Jiyva

Shops:
Orc:2 ([*:

Annotations:
D:7 exclusion: statue
D:12 Rupert, Sonja


Innate Abilities, Weirdness & Mutations

You have a pair of horns on your head.
You regenerate a lot of health from kills.
You are partially covered in sharp spines.
Your movements are less encumbered by armour (ER -4).


Message History

* * * LOW HITPOINT WARNING * * *
You blink.
Sonja unwields an uncursed blowgun.
Sonja wields an uncursed short sword of distortion.
Its appearance distorts for a moment.
Sonja is struck by your spines. Sonja hits you but does no damage.
Space warps horribly around you!
* * * LOW HITPOINT WARNING * * *
Sonja closely misses you. Sonja hits you but does no damage.
Space bends around you.
* * * LOW HITPOINT WARNING * * *
Your phantasmal warrior barely misses Rupert.
Drink which item? (? for menu, Esc to quit)
Okay, then.
Read which item? (? for menu, Esc to quit)
As you read the scroll of teleportation, it crumbles to dust.
You feel strangely unstable.
You feel very sick. Rupert is struck by your spines.
Rupert hits you with a triple sword of distortion!
You die...
Your body rises from the dead as a mindless zombie.

##+##########
#............
#............
#............
#...W<.......
#....@K......
#....@.......
#............
#....(.......
########+####


You could see Rupert (berserk), Sonja and a friendly phantasmal warrior.

Vanquished Creatures
  Maud (Lair:5)
  An orc warlord (Orc:2)
  An ettin (Orc:1)
  4 hydras
  Erolcha (D:8)
  Urug (Lair:3)
  An orc high priest (Orc:2)
  5 orc knights (Orc:2)
  A hill giant (D:10)
  2 orc sorcerers (Orc:1)
  2 griffons
  3 ugly things
  2 manticores
  4 black mambas
  27 elephants
  2 rime drakes
  10 spiny frogs
  4 komodo dragons
  10 freezing wraiths (IceCv)
  2 polar bears
  4 trolls
  A two-headed ogre (D:8)
  11 blink frogs
  42 yaks
  3 wyverns
  A human (D:7)
  11 hippogriffs
  3 hungry ghosts
  Eustachio (D:4)
  A basilisk (Lair:8)
  A steam dragon (Lair:8)
  2 mottled dragons
  A death yak simulacrum (IceCv)
  A naga (Lair:4)
  18 water moccasins
  12 porcupines
  4 black bears
  25 orc warriors
  13 ice beasts
  An alligator simulacrum (IceCv)
  3 sky beasts
  A phantom (D:6)
  2 necrophages (D:9)
  12 ogres
  11 wolves
  A centaur (D:8)
  18 crocodiles
  18 giant frogs
  2 big kobolds
  A gnoll sergeant (D:5)
  A water moccasin zombie (D:7)
  2 scorpions
  2 troll zombies (D:9)
  10 killer bees
  A howler monkey (D:9)
  A centaur zombie (D:10)
  5 crimson imps
  4 jellies
  A quasit (D:9)
  A draconian simulacrum (IceCv)
  4 giant frog zombies
  2 hounds
  4 orc priests
  22 orc wizards
  A centaur skeleton (D:7)
  7 worker ants
  13 iguanas
  2 troll simulacra (IceCv)
  A polar bear simulacrum (IceCv)
  A killer bee zombie (D:6)
  21 sheep
  A wolf simulacrum (IceCv)
  6 ogre zombies (D:9)
  A hound zombie (D:9)
  4 worker ant zombies
  8 adders
  A howler monkey skeleton (D:9)
  5 naga simulacra (IceCv)
  An ogre simulacrum (IceCv)
  42 river rats
  4 shadow imps
  12 white imps (IceCv)
  2 oozes (Lair:8)
  3 adder skeletons
  A dart slug (D:2)
  7 giant geckos
  45 orcs
  4 giant cockroaches
  6 goblins
  4 hobgoblins
  2 jackals (D:6)
  4 quokkas
  2 ball pythons
  7 bats
  3 giant newts (D:2)
  2 goblin skeletons (D:9)
  2 goblin zombies (D:9)
  A hobgoblin skeleton (D:9)
  14 kobolds
  5 orc skeletons (D:9)
  16 orc zombies
  10 rats
  A fungus (D:9)
  A plant (D:9)
642 creatures vanquished.

Vanquished Creatures (collateral kills)
  A fire dragon (Lair:8)
  A hydra (Lair:7)
  A hill giant (D:11)
  2 griffons (Lair:8)
  A cyclops (D:10)
  A black mamba (Lair:4)
  2 elephants (Lair:5)
  2 rime drakes (Lair:8)
  3 spiny frogs
  3 komodo dragons
  2 blink frogs (Lair:5)
  3 yaks (Lair:8)
  A wraith (D:10)
  A basilisk (Lair:8)
  A steam dragon (Lair:8)
  A hippogriff (Lair:4)
  8 water moccasins
  2 orc warriors (Orc:1)
  A swamp drake (Lair:8)
  An ogre (Orc:1)
  5 ice beasts
  3 wolves (Lair:7)
  7 crocodiles
  2 giant frogs
  2 jellies
  2 orc priests (Orc:1)
  2 iguanas (Lair:8)
  3 sheep (Lair:8)
  4 river rats (Lair:5)
  7 orcs
  3 fungi
  2 plants
80 creatures vanquished.

Vanquished Creatures (others)
  A flayed ghost (D:11)
  2 phantasmal warriors
  4 flying skulls (Lair:5)
  2 wraiths
  2 vampires (Lair:8)
  2 wights
  3 wolf zombies (Lair:7)
  2 ogre zombies (Orc:2)
  A hound zombie (D:11)
  A mummy (Lair:7)
  9 orc zombies
  6 fungi
35 creatures vanquished.

Grand Total: 757 creatures vanquished

Notes
Turn   | Place    | Note
--------------------------------------------------------------
     0 | D:1      | Nahar the Demonspawn Wanderer began the quest for the Orb.
     0 | D:1      | Nahar set off with: a +2 shortbow, 25 arrows, a +0 ring mail, a potion of curing, a bread ration
     0 | D:1      | Reached XP level 1. HP: 19/19 MP: 1/1
   181 | D:1      | Gained mutation: You regenerate a little health from kills. [demonic ancestry]
   181 | D:1      | Reached XP level 2. HP: 23/25 MP: 2/2
   772 | D:2      | Reached XP level 3. HP: 25/31 MP: 3/3
   895 | D:2      | You fall through a shaft!
   896 | D:3      | Found a glowing golden altar of the Shining One.
   899 | D:3      | Found an opulent altar of Gozag.
   905 | D:3      | Found a snail-covered altar of Cheibriados.
  1165 | D:3      | Reached skill level 2 in Bows
  1165 | D:3      | Gained mutation: Your movements are slightly less encumbered by armour (ER -2). [demonic ancestry]
  1165 | D:3      | Reached XP level 4. HP: 35/38 MP: 4/4
  1184 | D:3      | Reached skill level 1 in Dodging
  1366 | D:4      | Reached skill level 3 in Bows
  1557 | D:4      | Gained mutation: You regenerate health from kills. [demonic ancestry]
  1557 | D:4      | Reached XP level 5. HP: 43/43 MP: 5/5
  1696 | D:4      | Noticed Eustachio
  1711 | D:4      | Killed Eustachio
  1711 | D:4      | Reached skill level 4 in Bows
  1711 | D:4      | Gained mutation: You are partially covered in sharp spines. [demonic ancestry]
  1711 | D:4      | Reached XP level 6. HP: 30/49 MP: 6/6
  2127 | D:5      | Entered Level 5 of the Dungeon
  2281 | D:5      | Reached skill level 5 in Bows
  2354 | D:5      | Reached skill level 1 in Polearms
  2354 | D:5      | Gained mutation: Your movements are less encumbered by armour (ER -4). [demonic ancestry]
  2354 | D:5      | Reached XP level 7. HP: 28/55 MP: 7/7
  2570 | D:5      | Reached skill level 6 in Bows
  3207 | D:6      | Gained mutation: You have a pair of small horns on your head. [demonic ancestry]
  3207 | D:6      | Reached XP level 8. HP: 32/61 MP: 8/8
  3289 | D:6      | Reached skill level 7 in Bows
  3932 | D:7      | Found a radiant altar of Vehumet.
  4195 | D:7      | Reached skill level 8 in Bows
  4329 | D:7      | Found a staircase to the Ecumenical Temple.
  4346 | Temple   | Entered the Ecumenical Temple
  4397 | Temple   | Became a worshipper of Yredelemnul the Dark
  4549 | D:7      | Reached XP level 9. HP: 67/67 MP: 9/9
  4994 | D:8      | Noticed Erolcha
  5010 | D:8      | Killed Erolcha
  5010 | D:8      | Reached skill level 9 in Bows
  5158 | D:8      | Reached skill level 5 in Armour
  5161 | D:8      | Reached skill level 5 in Polearms
  5286 | D:8      | Reached skill level 10 in Bows
  5561 | D:8      | Reached * piety under Yredelemnul
  5613 | D:8      | Reached XP level 10. HP: 73/73 MP: 10/10
  5688 | D:8      | Learned a level 6 spell: Bolt of Fire
  6032 | D:9      | Reached skill level 1 in Conjurations
  6142 | D:9      | Found a staircase to the Orcish Mines.
  6157 | D:9      | Reached skill level 1 in Spellcasting
  6433 | D:9      | Reached skill level 1 in Fire Magic
  6568 | D:9      | Reached skill level 11 in Bows
  6653 | D:9      | Learned a level 1 spell: Freeze
  6658 | D:9      | Learned a level 4 spell: Summon Ice Beast
  6745 | D:9      | Found a staircase to the Lair.
  7273 | D:9      | Reached skill level 1 in Ice Magic
  7694 | Lair:1   | Entered Level 1 of the Lair of Beasts
  7962 | Lair:1   | Noticed a spiny frog
  7973 | Lair:1   | Killed a spiny frog
  8463 | Lair:1   | Noticed an eight-headed hydra
  8473 | Lair:1   | Killed an eight-headed hydra
  8473 | Lair:1   | Gained mutation: You regenerate a lot of health from kills. [demonic ancestry]
  8473 | Lair:1   | Reached XP level 11. HP: 72/78 MP: 14/14
  8637 | Lair:2   | Reached ** piety under Yredelemnul
  8743 | Lair:2   | Reached skill level 12 in Bows
  8977 | Lair:2   | Identified a scroll of acquirement
  8978 | Lair:2   | Got an ancient longbow
  8979 | Lair:2   | Identified the +10 longbow "Transmigrator" {flame, rC+ Int+3} (You acquired it on level 2 of the Lair of Beasts)
  9666 | Lair:3   | Got a scorched shortbow
  9667 | Lair:3   | Identified the +9 shortbow of Terra Cotta {velocity, Str+3 Int+2 SInv} (You found it on level 3 of the Lair of Beasts)
  9868 | Lair:3   | Reached *** piety under Yredelemnul
 10065 | Lair:3   | Noticed Urug
 10072 | Lair:3   | Killed Urug
 10072 | Lair:3   | Reached XP level 12. HP: 68/85 MP: 18/18
 10144 | Lair:3   | Reached skill level 13 in Bows
 10414 | Lair:3   | Received a gift from Yredelemnul
 10426 | Lair:3   | Reached skill level 5 in Spellcasting
 10489 | Lair:3   | Reached skill level 5 in Conjurations
 10489 | Lair:3   | Reached skill level 5 in Fire Magic
 10740 | Lair:4   | Found a staircase to the Snake Pit.
 10783 | Lair:4   | Reached **** piety under Yredelemnul
 10783 | Lair:4   | Received a gift from Yredelemnul
 11213 | Lair:5   | Noticed a seven-headed hydra
 11229 | Lair:5   | Killed a seven-headed hydra
 11413 | Lair:5   | Found a staircase to the Shoals.
 11495 | Lair:5   | Noticed a six-headed hydra
 11501 | Lair:5   | Killed a six-headed hydra
 11501 | Lair:5   | Reached XP level 13. HP: 90/90 MP: 21/21
 11569 | Lair:5   | Reached ***** piety under Yredelemnul
 11635 | Lair:5   | Noticed Maud
 11653 | Lair:5   | Killed Maud
 11653 | Lair:5   | Reached skill level 14 in Bows
 12277 | Lair:6   | Reached skill level 5 in Ice Magic
 12360 | Lair:6   | Received a gift from Yredelemnul
 12410 | Lair:6   | Identified the Guide on Supportive Blows and Bruises (You found it on level 6 of the Lair of Beasts)
 12415 | Lair:6   | Learned a level 3 spell: Conjure Flame
 12688 | Lair:6   | Received a gift from Yredelemnul
 13198 | Lair:7   | Received a gift from Yredelemnul
 13616 | Lair:7   | Received a gift from Yredelemnul
 13617 | Lair:7   | Reached skill level 1 in Invocations
 13775 | Lair:8   | Entered Level 8 of the Lair of Beasts
 13812 | Lair:8   | Found a frozen archway.
 13823 | Lair:8   | Received a gift from Yredelemnul
 13875 | IceCv    | Entered an ice cave
 14064 | IceCv    | Found an ancient bone altar of Kikubaaqudgha.
 14105 | IceCv    | Gained mutation: You have a pair of horns on your head. [demonic ancestry]
 14105 | IceCv    | Reached XP level 14. HP: 96/96 MP: 24/24
 14443 | Lair:8   | Found a runed door.
 14444 | Lair:8   | Found a viscous altar of Jiyva.
 14543 | Lair:8   | Reached skill level 15 in Bows
 14627 | Lair:8   | Found a staircase to the Slime Pits.
 14722 | Lair:8   | Received a gift from Yredelemnul
 15078 | Lair:8   | Received a gift from Yredelemnul
 15605 | Orc:1    | Entered Level 1 of the Orcish Mines
 15613 | Orc:1    | Received a gift from Yredelemnul
 15758 | Orc:1    | Found a radiant altar of Vehumet.
 15997 | Orc:2    | Entered Level 2 of the Orcish Mines
 16022 | Orc:2    | Reached ****** piety under Yredelemnul
 16149 | Orc:2    | Found Jon Bome's Antique Armour Shoppe.
 16334 | Orc:2    | Bought a glowing plate armour for 575 gold pieces
 16626 | Orc:2    | Found Adwuyp's Book Shop.
 16788 | Orc:2    | Noticed an orc warlord
 16863 | Orc:2    | Killed an orc warlord
 16953 | Orc:2    | Found Usu Cea's General Store.
 16966 | Orc:2    | Bought a scroll of enchant armour for 82 gold pieces
 16966 | Orc:2    | Bought a potion of curing for 33 gold pieces
 16991 | Orc:2    | Found a staircase to the Elven Halls.
 17038 | Orc:2    | Found Qeitodu's Antique Weapon Shop.
 17751 | D:10     | Entered Level 10 of the Dungeon
 17764 | D:10     | Received a gift from Yredelemnul
 18726 | D:11     | Got a transparent cloak
 18727 | D:11     | Identified the cursed -6 cloak of Benevolence {Str+3 Dex+2} (You found it on level 11 of the Dungeon)
 18814 | D:11     | Reached skill level 5 in Fighting
 18922 | D:11     | Learned a level 5 spell: Fireball
 19150 | D:11     | Received a gift from Yredelemnul
 19260 | D:12     | Noticed Sonja
 19260 | D:12     | Noticed Rupert
 19271 | D:12     | Paralysed by Rupert for 2 turns
 19276 | D:12     | Slain by Rupert

Skill      XL: |  1  2  3  4  5  6  7  8  9 10 11 12 13 14 |
---------------+-------------------------------------------+-----
Armour         | 3 4 5 6 7 8 |  8.6
Bows           | 2 3 4 5 6 8 10 11 12 13 14 15 | 15.6
Dodging        | 1 2 |  2.1
Polearms       | 1 2 4 5 |  5.6
Conjurations   | 3 4 5 7 8 |  8.1
Spellcasting   | 2 4 5 6 7 |  7.7
Fire Magic     | 2 4 5 6 7 |  7.2
Ice Magic      | 2 3 4 6 7 |  7.0
Invocations    | 1 2 |  2.5
Stealth        | 2 |  2.1
Fighting       | 5 |  5.0
Axes           | |  0.8
Evocations     | |  1.0

Action                   |  1- 3 |  4- 6 |  7- 9 | 10-12 | 13-15 || total
-------------------------+-------+-------+-------+-------+-------++-------
Melee: Shortbow          |     5 |       |    13 |   105 |       ||   123
       Headbutt          |       |       |       |    44 |       ||    44
 Fire: Shortbow          |   105 |   101 |   334 |   468 |       ||  1008
       Longbow           |       |       |       |   330 |   663 ||   993
Invok: Animate Dead      |       |       |       |     1 |    14 ||    15
       Recall Undead Sla |       |       |       |       |     4 ||     4
       Drain Life        |       |       |       |       |     2 ||     2
Evoke: Wand              |       |       |       |     5 |     3 ||     8
  Use: Scroll            |     5 |     6 |    11 |    10 |    13 ||    45
       Potion            |       |       |       |       |     4 ||     4
  Eat: Beef jerky        |     1 |     1 |       |       |     6 ||     8
       Meat ration       |       |     1 |     1 |     1 |       ||     3
       Fruit             |       |       |     3 |     4 |    12 ||    19
       Pizza             |       |       |     1 |     9 |     2 ||    12
       Bread ration      |       |       |       |       |     1 ||     1
Armor: Ring mail         |    37 |     6 |       |       |       ||    43
       Plate armour      |       |     8 |   104 |   313 |   284 ||   709
Dodge: Dodged            |    40 |    30 |    57 |   172 |   156 ||   455
